 Dungeon Crawl Stone Soup version 0.18.1-48-g4cf74bf (webtiles) character file.

1586 Heedrag the Destroyer (level 8, -1/41 HPs)
             Began as a Deep Elf Conjurer on July 29, 2016.
             Killed by divine providence
             ... invoked by an orc priest
              (11 damage)
             ... on level 6 of the Dungeon.
             The game lasted 00:13:38 (5119 turns).

Heedrag the Destroyer (Deep Elf Conjurer)           Turns: 5119, Time: 00:13:40

Health: -1/41      AC:  4    Str:  7    XL:     8   Next: 61%
Magic:  7/21       EV: 13    Int: 21    God:
Gold:   296        SH:  0    Dex: 15    Spells: 4 memorised, 9 levels left

rFire  . . .     SeeInvis .     g - -1 short sword
rCold  . . .     Gourm    .     a - +0 robe
rNeg   . . .     Faith    .     (no shield)
rPois  .         Spirit   .     (no helmet)
rElec  .         Dismiss  .     (no cloak)
rCorr  .         Reflect  .     (no gloves)
SustAt .         Harm     .     m - +1 pair of boots
MR     .....                    (no amulet)
Stlth  ++........               (no ring)
                                (no ring)

@: not resistant to hostile enchantments, unstealthy
A: no striking features
a: no special abilities


You were on level 6 of the Dungeon.
You were not hungry.

You visited 1 branch of the dungeon, and saw 6 of its levels.
You also visited: Sewer.

You collected 296 gold pieces.

Inventory:

Hand Weapons
 g - a -1 short sword (weapon)
 z - a +1 falchion of protection
 A - a +1 dagger of freezing
 B - a +0 dagger of venom
Armour
 a - a +0 robe (worn)
 m - a +1 pair of boots (worn)
 s - the +0 robe of Roipromn {rF+ Int-3 Dex+2 Slay+2}
   (You found it on level 4 of the Dungeon)

   It affects your intelligence (-3).
   It affects your dexterity (+2).
   It affects your accuracy and damage with ranged weapons and melee attacks
   (+2).
   It protects you from fire.
Jewellery
 w - an uncursed ring of teleportation
Wands
 t - a wand of slowing (17/48)
Scrolls
 d - 3 scrolls of enchant armour
 e - 4 scrolls of identify
 f - a scroll of random uselessness {unknown}
 j - a scroll of magic mapping {unknown}
 k - a scroll of fog {unknown}
 l - a scroll of teleportation {unknown}
 o - a scroll of amnesia {unknown}
 q - 2 scrolls of enchant weapon
 y - a scroll of remove curse
 C - a scroll of recharging {unknown}
 D - a scroll of brand weapon {unknown}
Potions
 h - 3 potions of curing {unknown}
 n - 3 potions of flight {unknown}
 p - 2 potions of degeneration {unknown}
 r - a potion of brilliance
 u - a potion of resistance {unknown}
 v - 2 potions of agility {unknown}
 E - a potion of berserk rage {unknown}
 F - 2 potions of heal wounds {unknown}
Books
 b - a book of Conjurations

   Spells                             Type                      Level
   a - Magic Dart                     Conjuration                  1
   b - Searing Ray                    Conjuration                  2
   c - Dazzling Spray                 Conjuration/Hexes            3
   d - Fulminant Prism                Conjuration/Hexes            4
   e - Iskenderun's Mystic Blast      Conjuration                  4
   f - Iskenderun's Battlesphere      Conjuration/Charms           5
 x - a Young Poisoner's Handbook

   Spells                             Type                      Level
   a - Sting                          Conjuration/Poison           1
   b - Cure Poison                    Poison                       2
   c - Mephitic Cloud                 Conjuration/Poison/Air       3
   d - Olgreb's Toxic Radiance        Poison                       4
   e - Venom Bolt                     Conjuration/Poison           5
 G - a book of Enchantments

   Spells                             Type                      Level
   a - Cause Fear                     Hexes                        4
   b - Yara's Violent Unravelling     Hexes/Transmutation          5
   c - Silence                        Hexes/Air                    5
   d - Deflect Missiles               Charms/Air                   6
   e - Haste                          Charms                       6
   f - Discord                        Hexes                        8
Comestibles
 c - 4 bread rations
 i - 3 meat rations


   Skills:
 - Level 2.4 Dodging
 - Level 2.4 Stealth
 + Level 7.5 Spellcasting
 * Level 9.9 Conjurations
 + Level 6.7 Charms


You had 9 spell levels left.
You knew the following spells:

 Your Spells              Type           Power        Failure   Level  Hunger
a - Magic Dart            Conj           ####         1%          1    None
b - Dazzling Spray        Conj/Hex       ####..       3%          3    None
c - Iskenderun's Mystic   Conj           #####...     1%          4    ###....
d - Iskenderun's Battles  Conj/Chrm      #####...     10%         5    #####..


Dungeon Overview and Level Annotations

Branches:
Dungeon (6/15)
 Temple: D:4-7

Altars:
Ashenzari
Cheibriados
Nemelex Xobeh
Okawaru
Sif Muna
Yredelemnul

Shops:
D:5 (

Annotations:
D:3 Terence
D:6 Gartch3's ghost, amateur DEFE


Message History

Gartch3's ghost be moderately damaged.
Yer battlesphere fires!
Tha barrage o' energy hits Gartch3's ghost.
Gartch3's ghost be heavily damaged.
Gartch3's ghost gestures at ye while chantin'.
Tha flame tongue hits ye!
* * * LOW HITPOINT WARNIN'
* * * Castin': Magic Dart Confirm wit' . or Enter, or press ? or * ta list all spells.
Aimin': Magic Dart
Press: ? - help, Shift-Dir - straight line, f/p - Gartch3's ghost
Aim: Gartch3's ghost (heavily damaged) Tha magic dart hits Gartch3's ghost.
Gartch3's ghost be heavily damaged.
Yer battlesphere fires!
Tha barrage o' energy hits Gartch3's ghost.
Gartch3's ghost be severely damaged.
Tha orc priest invokes tha aid o' Beogh against ye.
Beogh smites ye!
Ye die...

.. o# o# .# .# .#
########.##########
#.@)Wo.............
#..................
#..................
#....*.............
#..................
#..................
#.........(........
#..................
#.####..........
.....


You could see an orc priest, Gartch3's ghost and a friendly battlesphere.

Vanquished Creatures
  The ghost of Ferkelamun the Infuser, a novice MfSk (D:5)
  Edmund (D:5)
  An ogre (D:5)
  2 phantoms (D:5)
  2 centaurs (D:5)
  A big kobold (Sewer)
  A howler monkey (D:6)
  A crimson imp (D:5)
  2 giant frog zombies (D:5)
  2 hounds
  2 jellies
  2 orc wizards
  An orc priest (D:5)
  A centaur skeleton (D:4)
  A worker ant (D:5)
  4 gnolls (D:2)
  3 adders
  A river rat (Sewer)
  3 shadow imps
  An ooze (D:1)
  An adder skeleton (D:4)
  A dart slug (D:1)
  3 giant geckos
  21 orcs
  4 bats (D:1)
  3 giant cockroaches
  2 gnoll zombies (D:4)
  2 goblins (D:1)
  5 hobgoblins
  2 jackals (Sewer)
  A quokka (D:4)
  A ball python (D:1)
  A giant gecko skeleton (D:6)
  3 giant newts
  A jackal zombie (D:5)
  6 kobolds
  8 rats
98 creatures vanquished.

Notes
Turn   | Place    | Note
--------------------------------------------------------------
     0 | D:1      | Heedrag the Deep Elf Conjurer began the quest for the Orb.
     0 | D:1      | Reached XP level 1. HP: 10/10 MP: 6/6
   201 | D:1      | Reached XP level 2. HP: 15/15 MP: 6/8
   349 | D:1      | Reached skill level 5 in Conjurations
   692 | D:2      | Reached XP level 3. HP: 19/19 MP: 6/9
   697 | D:2      | Learned a level 3 spell: Dazzling Spray
   791 | D:2      | Reached XP level 4. HP: 14/24 MP: 1/11
   892 | D:2      | Found a snail-covered altar of Cheibriados.
   982 | D:2      | Found a sparkling altar of Nemelex Xobeh.
  1153 | D:2      | Learned a level 4 spell: Iskenderun's Mystic Blast
  1613 | D:3      | Reached skill level 6 in Conjurations
  1941 | D:3      | Found a shattered altar of Ashenzari.
  1954 | D:3      | Found a deep blue altar of Sif Muna.
  1954 | D:3      | Noticed Terence
  1987 | D:4      | Found an iron altar of Okawaru.
  1996 | D:4      | Reached XP level 5. HP: 19/28 MP: 7/13
  2073 | D:4      | Learned a level 5 spell: Iskenderun's Battlesphere
  2244 | D:4      | Got a fine robe
  2255 | D:4      | Identified the cursed +0 robe of Roipromn {rF+ Int-3 Dex+2 Slay+2} (You found it on level 4 of the Dungeon)
  2516 | D:4      | Reached skill level 1 in Charms
  2656 | D:4      | Found a basalt altar of Yredelemnul.
  2905 | D:5      | Entered Level 5 of the Dungeon
  2948 | D:5      | Reached XP level 6. HP: 22/32 MP: 4/15
  2986 | D:5      | Reached skill level 5 in Spellcasting
  2986 | D:5      | Reached skill level 7 in Conjurations
  3357 | D:5      | Reached XP level 7. HP: 23/36 MP: 11/17
  3372 | D:5      | Reached skill level 8 in Conjurations
  3742 | D:5      | Found Qozer's Antique Weapon Shop.
  3785 | D:5      | Noticed Edmund
  3821 | D:5      | Killed Edmund
  3821 | D:5      | Reached skill level 5 in Charms
  4286 | D:5      | Reached XP level 8. HP: 34/41 MP: 12/19
  4365 | D:5      | Noticed Ferkelamun's ghost (novice MfSk)
  4442 | D:5      | Killed Ferkelamun's ghost
  4442 | D:5      | Reached skill level 9 in Conjurations
  4622 | D:6      | Noticed Gartch3's ghost (amateur DEFE)
  4702 | D:6      | Found a glowing drain.
  4711 | Sewer    | Entered a sewer
  4894 | Sewer    | Found a white marble altar of Elyvilon.
  5119 | D:6      | Killed from afar by an orc priest

Skill      XL: |  1  2  3  4  5  6  7  8 |
---------------+-------------------------+-----
Conjurations   | 5 6 7 8 9 |  9.9
Spellcasting   | 4 5 6 7 |  7.5
Charms         | 2 3 5 6 |  6.7
Dodging        | |  2.4
Stealth        | |  2.4

Action                   |  1- 3 |  4- 6 |  7- 9 || total
-------------------------+-------+-------+-------++-------
Melee: Short sword       |     4 |     8 |     2 ||    14
 Cast: Magic Dart        |    51 |   102 |   122 ||   275
       Dazzling Spray    |       |     2 |       ||     2
       Iskenderun's Batt |       |       |    13 ||    13
       Iskenderun's Myst |       |       |     1 ||     1
  Use: Scroll            |       |       |     4 ||     4
 Stab: Sleeping          |       |     1 |       ||     1
  Eat: Chunk             |       |     7 |     4 ||    11
       Beef jerky        |       |       |     1 ||     1
       Meat ration       |       |       |     1 ||     1
Armor: Robe              |     3 |     3 |    14 ||    20
Dodge: Dodged            |     7 |    24 |    42 ||    73
